 Dungeon Crawl Stone Soup version 0.31-a0-219-g8d62b2e7bb (webtiles) character file.

Game seed: 11507778406789942962

43 Anon1729 the Ducker (level 3, 0/30 HPs)
             Began as a Merfolk Monk on July 3, 2023.
             Succumbed to a kobold's poison
             ... on level 2 of the Dungeon.
             The game lasted 00:00:49 (1000 turns).

Anon1729 the Ducker (Merfolk Monk)                  Turns: 1000, Time: 00:00:50

Health: 0/30       AC:  2    Str: 11    XL:     3   Next: 58%
Magic:  3/3        EV: 14    Int: 11    God:
Gold:   50         SH:  0    Dex: 16    Spells: 2/2 levels left

rFire   + .          .
                       - Unarmed
rCold   + . .        c - orb {light}
rNeg    . . .        a - +0 robe
rPois   +            (no helmet)
rElec   +            (no cloak)
rCorr   +            (no gloves)
SInv    .            (no boots)
Will    .....        (no amulet)
Stlth   +            e - ring of flight
HPRegen 0.25/turn    (no ring)
MPRegen 0.08/turn

%: no passive effects
@: confused, lethally poisoned (0 -> -20), resistant, ambrosia-drunk, flying,
glowing
A: (nimble swimmer 2), mertail
a: no special abilities


You were on level 2 of the Dungeon.
You visited 1 branch of the dungeon, and saw 2 of its levels.

You collected 50 gold pieces.

Inventory:

Armour
 a - a +0 robe (worn)
 c - an orb of light (worn)
Jewellery
 e - a ring of flight (left hand)
Scrolls
 d - a scroll of fear {unknown}
 j - a scroll of identify {unknown}
 k - a scroll of fog {unknown}
Potions
 f - a potion of resistance
 g - a potion of heal wounds {unknown}
 h - 2 potions of curing {unknown}
 i - 2 potions of invisibility {unknown}


   Skills:
 + Level 3.9 Fighting
 + Level 4.7 Dodging
 + Level 3.9 Unarmed Combat


You had 2 spell levels left.
You didn't know any spells.
Your spell library was empty.

Dungeon Overview and Level Annotations

Branches:
Dungeon (2/15)

Altars:

Shops:
D:1 *


Innate Abilities, Weirdness & Mutations

((You are very nimble when in or above water. (Stealth+, EV+, Speed+++)))
Your lower body shifts to a powerful aquatic tail in water.


Message History

You feel very sick.
The kobold hits you with a +0 dagger of venom.
You are more poisoned.
You completely miss the kobold.
The kobold is heavily wounded.
You feel very sick. The kobold hits you but does no damage.
You are lethally poisoned!
You hit the kobold.
The kobold is severely wounded.
You feel very sick.
The kobold hits you with a +0 dagger of venom.
You are more poisoned.
You are too injured to fight recklessly!
You are too injured to fight recklessly!
You are too injured to fight recklessly!
You are too injured to fight recklessly!
You are too injured to fight recklessly!
You are too injured to fight recklessly!
You are too injured to fight recklessly!
You are too injured to fight recklessly!
You are too injured to fight recklessly!
You are too injured to fight recklessly!
You are too injured to fight recklessly!
You are too injured to fight recklessly!
You are too injured to fight recklessly!
You are too injured to fight recklessly!
You hit the kobold but do no damage.
The kobold is severely wounded.
* * * LOW HITPOINT WARNING * * *
You feel extremely sick. The kobold closely misses you.
You are confused.
You feel invigorated.
* * * LOW HITPOINT WARNING * * *
You feel very sick. The kobold misses you.
It was a potion of resistance.
You feel protected.
You die...

##.# #..# #
###.## #. #...#
####.###.###
......)...######
##..............
##..>....######
#....#..@....#
#########K####
J# .. ... #.#.
..... #.#.#.


You could see an endoplasm and a kobold.

Vanquished Creatures
  2 ball pythons (D:1)
  7 endoplasms
  A giant cockroach (D:1)
  2 goblins (D:1)
  6 hobgoblins
  A quokka (D:2)
  7 bats
  3 frilled lizards (D:2)
  4 kobolds
  4 rats (D:1)
  A spectral hobgoblin (D:1)
38 creatures vanquished.

Notes
Turn   | Place    | Note
-------+----------+-------------------------------------------
     0 | D:1      | Anon1729 the Merfolk Monk began the quest for the Orb.
     0 | D:1      | Reached XP level 1. HP: 18/18 MP: 1/1
    80 | D:1      | Reached XP level 2. HP: 22/24 MP: 2/2
    95 | D:1      | Found Ebbici's Assorted Antiques.
   249 | D:1      | Found a faded altar of an unknown god.
   401 | D:1      | Reached XP level 3. HP: 26/30 MP: 3/3
  1000 | D:2      | Succumbed to a kobold's poison

Illustrated notes

Levels and vault maps discovered:
D:1:      sevenhm_arrival_forest_fort_small_4, layout_basic, serial_shops,
          nicolae_square_shop, dreamdust_ecumenical_altar_drowned_temple,
          serial_glass, glass_columns_c, glass_columns_c,
          minmay_strange_pillars, due_unseen_surprise, item_on_display_a
D:2:      layout_basic, serial_glass, glass_columns_b, glass_columns_b

Action                     || total
---------------------------++-------
  Melee: Unarmed           ||   106
    Use: Potion            ||     2
 Armour: Robe              ||    17
  Dodge: Dodged            ||    71

Table legend: (Time is in decaauts)
 A = Elapsed time spent in this place.
 B = Non-inter-level travel time spent in this place.
 C = Inter-level travel time spent in this place.
 D = Time resting spent in this place.
 E = Time spent auto-exploring this place.
 F = Levels seen in this place.
 G = Mean time per level.
                   A        B        C        D        E       F      G
               +--------+--------+--------+--------+--------+-----+--------+
         Total |    973 |    908 |     65 |      0 |    684 |   2 |  486.5 |
       Dungeon |    973 |    908 |     65 |      0 |    684 |   2 |  486.5 |
               +--------+--------+--------+--------+--------+-----+--------+

Top non-repeatable levels by time:
     D:1: 742 daAuts
     D:2: 230 daAuts
